 Dungeon Crawl Stone Soup version 0.18.1-6-gd335043 (webtiles) character file.

18629 Moloch the Severer (level 12, -5/103 HPs)
             Began as a Hill Orc Fighter on May 19, 2016.
             Was a High Priest of Okawaru.
             Slain by an orc knight
             ... wielding a +0 great mace
              (16 damage)
             ... on level 2 of the Orcish Mines.
             The game lasted 00:27:12 (13287 turns).

Moloch the Severer (Hill Orc Fighter)              Turns: 13287, Time: 00:27:13

Health: -5/103     AC: 22    Str: 24    XL:     12   Next: 60%
Magic:  11/13      EV:  9    Int:  8    God:    Okawaru [*****.]
Gold:   1425       SH: 15    Dex: 16    Spells: 0 memorised, 11 levels left

rFire  . . .     SeeInvis .     F - +2 broad axe (vamp)
rCold  + + .     Gourm    .     a - +0 plate armour {rPois}
rNeg   . . .     Faith    .     w - +1 shield {rC+}
rPois  +         Spirit   .     D - +1 hat
rElec  .         Dismiss  .     e - +2 cloak
rCorr  .         Reflect  .     (no gloves)
SustAt .         Harm     .     i - +0 pair of boots
MR     .....                    (no amulet)
Stlth  ..........               y - ring of protection from cold
                                t - +6 ring of dexterity

@: heroism, heavily drained, not resistant to hostile enchantments, extremely
unstealthy
A: hooves 1, yellow scales 1, high mp 1, sense surroundings 1, regeneration 2,
screaming 1, evolution 1
a: Heroism, Finesse, Renounce Religion


You were on level 2 of the Orcish Mines.
You worshipped Okawaru.
Okawaru was extremely pleased with you.
You were not hungry.

You visited 3 branches of the dungeon, and saw 13 of its levels.
You also visited: Ossuary and Volcano.

You collected 1746 gold pieces.
You spent 321 gold pieces at shops.

Inventory:

Hand Weapons
 F - a +2 vampiric broad axe (weapon)
 U - a cursed +1 morningstar
Missiles
 B - 3 throwing nets (quivered)
Armour
 a - a +0 plate armour of poison resistance (worn)
 e - a +2 cloak (worn)
 i - a +0 pair of boots (worn)
 w - a +1 shield of cold resistance (worn)
 D - a +1 hat (worn)
Jewellery
 t - a +6 ring of dexterity (left hand)
 y - a ring of protection from cold (right hand)
 A - an uncursed ring of flight
 O - an uncursed ring of resist corrosion
 R - an uncursed ring of see invisible
Wands
 J - a wand of lightning (2/15)
 K - a wand of paralysis (8/24)
 M - a wand of acid (1/15)
Scrolls
 b - 2 scrolls of remove curse
 g - 7 scrolls of identify
 h - a scroll of enchant weapon
 k - 4 scrolls of teleportation {unknown}
 p - a scroll of blinking {unknown}
 u - 3 scrolls of amnesia {unknown}
 v - 5 scrolls of fog {unknown}
 x - 3 scrolls of fear {unknown}
 z - 2 scrolls of magic mapping
 C - 5 scrolls of enchant armour {unknown}
Potions
 c - 2 potions of curing
 d - a potion of might
 j - a potion of berserk rage
 l - 6 potions of brilliance
 m - a potion of ambrosia
 q - a potion of heal wounds
 r - 3 potions of mutation
 s - 2 potions of cure mutation
 H - a potion of beneficial mutation
 L - 2 potions of haste
Comestibles
 f - 11 bread rations
 o - 4 meat rations
 G - 7 fruits
 P - 7 beef jerkies


   Skills:
 + Level 8.6(11.8) Fighting
 * Level 19.6(22.4) Axes
 + Level 6.7(10.0) Armour
 * Level 10.2(13.3) Shields


You had 11 spell levels left.
You didn't know any spells.

Dungeon Overview and Level Annotations

Branches:
Dungeon (10/15)            Temple (1/1) D:5            Lair (0/8) D:9
    Orc (2/2) D:9             Elf (0/3) Orc:2

Altars:
Ashenzari
Cheibriados
Dithmenos
Elyvilon
Fedhas
Gozag
Kikubaaqudgha
Makhleb
Nemelex Xobeh
Okawaru
Pakellas
Qazlal
Ru
Sif Muna
Trog
Vehumet
Xom
Yredelemnul
Zin
The Shining One
Beogh

Shops:
D:7 =   D:8 (   D:9 *   Orc:1 *


Innate Abilities, Weirdness & Mutations

You have large cloven feet.
You are partially covered in yellow scales (AC +2).
You have an increased reservoir of magic (+10% MP).
You passively map a small area around you.
You heal very quickly.
You occasionally shout uncontrollably at your foes.
You evolve.


Message History

The orc sorcerer is almost dead.
You block the orc knight's attack.
Unknown command.
Unknown command.
Unknown command.
You slice the orc knight!!
The orc knight is severely wounded.
You hit the orc sorcerer.
You feel better.
The orc sorcerer is almost dead.
The orc sorcerer casts a spell at you. The bolt of negative energy hits you!
You feel drained.
* * * LOW HITPOINT WARNING * * *
Unknown command.
Unknown command.
You hit the orc knight.
The orc knight is severely wounded.
You closely miss the orc sorcerer.
The orc sorcerer is almost dead.
The orc knight hits you with a great mace!
You die...

.###...........######............
..##.....).......##............[.
..##.....#........#.....#...[..).
..#......#.#......#.....#.#....(.
......######.##.........####.##..
.....## ###..........# #.#.#.
.....### #..........# #####.
#......# #.§oo..##### #..
......## ###@#§.## #.. #...###
####o.## ### ###.# #.o[.## # #.##
####o..# ### ##.#...## #.....##
##..).# ##.o.## #...##


You could see an orc knight and an orc sorcerer.

Vanquished Creatures
  Maud (D:10)
  An orc high priest (Orc:2)
  A sun demon (Volcano)
  The ghost of Heskey the Fighter, a novice GrGl of Trog (Ossuary)
  3 hill giants (D:10)
  A statue (Volcano)
  2 orc knights (Orc:2)
  3 orc sorcerers
  A cyclops (Orc:2)
  Maurice (D:10)
  A komodo dragon (D:9)
  2 red devils (Volcano)
  2 two-headed ogres
  Grinder (D:5)
  4 yaks (D:9)
  4 fire bats
  A wyvern (D:8)
  2 hippogriffs
  A steam dragon (D:9)
  Menkaure (D:4)
  2 wargs (Orc:2)
  A hell hound (Volcano)
  2 ice beasts
  15 orc warriors
  3 sky beasts
  A black bear (D:5)
  2 phantoms
  15 ogres
  A crocodile (D:9)
  4 centaurs
  An elf zombie (Ossuary)
  4 giant frogs
  2 wyvern zombies
  A gnoll sergeant (D:7)
  4 scorpions
  6 killer bees (D:10)
  7 wights
  2 howler monkeys (D:7)
  6 lava snakes (Volcano)
  5 crimson imps
  3 centaur zombies
  5 hounds
  4 jellies
  2 gnoll shamans
  9 orc wizards
  A centaur skeleton (D:5)
  14 orc priests
  A giant frog skeleton (D:9)
  8 iguanas
  Ijyb (D:2)
  3 hell rats (D:6)
  6 worker ants
  2 big kobold zombies (Ossuary)
  A hound zombie (Ossuary)
  2 hound skeletons
  3 mummies (Ossuary)
  A howler monkey zombie (D:8)
  A howler monkey skeleton (D:8)
  6 adders
  11 gnolls
  4 river rats (D:6)
  3 shadow imps
  An adder skeleton (D:6)
  9 adder zombies
  2 worms
  3 dart slugs
  8 giant geckos
  53 orcs
  4 giant cockroaches
  A gnoll zombie (Ossuary)
  10 goblins
  10 hobgoblins
  9 jackals
  5 quokkas
  4 bats (D:1)
  A giant gecko skeleton (D:5)
  7 giant newts
  2 goblin zombies (Ossuary)
  7 hobgoblin zombies (Ossuary)
  2 jackal zombies (Ossuary)
  3 kobolds
  2 kobold zombies (Ossuary)
  2 orc zombies (Ossuary)
  3 quokka skeletons
  3 quokka zombies (Ossuary)
  33 rats
  3 rat zombies (Ossuary)
396 creatures vanquished.

Vanquished Creatures (others)
  A lightning spire (D:4)
  A bush (D:4)
2 creatures vanquished.

Grand Total: 398 creatures vanquished

Notes
Turn   | Place    | Note
--------------------------------------------------------------
     0 | D:1      | Moloch the Hill Orc Fighter began the quest for the Orb.
     0 | D:1      | Reached XP level 1. HP: 19/19 MP: 1/1
   129 | D:1      | Reached skill level 3 in Axes
   158 | D:1      | Reached XP level 2. HP: 26/26 MP: 2/2
   210 | D:1      | Reached skill level 4 in Axes
   499 | D:1      | Reached XP level 3. HP: 31/31 MP: 3/3
   717 | D:2      | Noticed Ijyb
   728 | D:2      | Killed Ijyb
   728 | D:2      | Reached skill level 5 in Axes
   778 | D:2      | Reached XP level 4. HP: 39/39 MP: 4/4
  1291 | D:3      | Reached skill level 6 in Axes
  1425 | D:3      | Reached XP level 5. HP: 28/45 MP: 5/5
  1616 | D:3      | Found a shattered altar of Ashenzari.
  1620 | D:3      | Found a deep blue altar of Sif Muna.
  1620 | D:3      | Found a glowing silver altar of Zin.
  1632 | D:3      | Found an ancient bone altar of Kikubaaqudgha.
  1636 | D:3      | Found an oddly glowing altar of Pakellas.
  1759 | D:3      | Found a white marble altar of Elyvilon.
  1761 | D:3      | Reached skill level 7 in Axes
  2044 | D:4      | Noticed Menkaure
  2056 | D:4      | Killed Menkaure
  2056 | D:4      | Reached skill level 8 in Axes
  2056 | D:4      | Reached XP level 6. HP: 26/51 MP: 6/6
  2245 | D:4      | Found a sparkling altar of Nemelex Xobeh.
  2270 | D:4      | Reached skill level 9 in Axes
  2776 | D:4      | Noticed a phantom
  2805 | D:4      | Killed a phantom
  2805 | D:4      | Reached XP level 7. HP: 54/57 MP: 7/7
  3194 | D:4      | Found an oddly glowing altar of Pakellas.
  3195 | D:4      | Noticed a manticore
  3264 | D:5      | Entered Level 5 of the Dungeon
  3277 | D:5      | Reached skill level 10 in Axes
  3377 | D:5      | Found a staircase to the Ecumenical Temple.
  3401 | D:5      | HP: 4/85 [poisoned by an adder]
  3408 | D:5      | HP: 2/57 [poisoned by an adder]
  3485 | Temple   | Entered the Ecumenical Temple
  3819 | D:5      | Noticed Grinder
  3829 | D:5      | Paralysed by Grinder for 3 turns
  3851 | D:5      | Killed Grinder
  3851 | D:5      | Reached skill level 11 in Axes
  3851 | D:5      | Reached XP level 8. HP: 14/64 MP: 8/8
  4185 | D:5      | Reached skill level 12 in Axes
  4194 | D:5      | Found a sacrificial altar of Ru.
  4301 | D:5      | Gained mutation: You are clumsy. (Dex -2) [mutagenic meat]
  4302 | D:5      | Gained mutation: You have large cloven feet. [mutagenic meat]
  4303 | D:5      | Gained mutation: You have an increased reservoir of magic (+10% MP). [mutagenic meat]
  4517 | D:5      | Reached skill level 13 in Axes
  4550 | D:5      | Found a glowing golden altar of the Shining One.
  4676 | D:5      | Found a burning altar of Makhleb.
  4977 | D:5      | Found an iron altar of Okawaru.
  4977 | D:5      | Found a bloodstained altar of Trog.
  4988 | D:5      | Became a worshipper of Warmaster Okawaru
  5099 | D:6      | Found a basalt altar of Yredelemnul.
  5654 | D:6      | Reached skill level 14 in Axes
  5654 | D:6      | Reached XP level 9. HP: 52/70 MP: 9/9
  6985 | D:7      | Reached * piety under Okawaru
  7039 | D:7      | Found a sand-covered staircase.
  7044 | Ossuary  | Entered an ossuary
  7049 | Ossuary  | Noticed Heskey's ghost (novice GrGl)
  7081 | Ossuary  | Killed Heskey's ghost
  7081 | Ossuary  | Reached skill level 15 in Axes
  7308 | Ossuary  | Reached ** piety under Okawaru
  7526 | D:7      | Found a white marble altar of Elyvilon.
  7769 | D:7      | Reached skill level 5 in Shields
  7941 | D:7      | Found Zinuasab's Jewellery Shop.
  7944 | D:7      | Bought an uncursed ring of see invisible for 150 gold pieces
  8010 | D:7      | Reached XP level 10. HP: 55/80 MP: 11/11
  8453 | D:7      | Found a stormy altar of Qazlal.
  8609 | D:8      | Reached skill level 16 in Axes
  8633 | D:8      | Reached skill level 5 in Fighting
  8634 | D:8      | Found Buluicee's Antique Weapon Shop.
  9411 | D:9      | Reached *** piety under Okawaru
  9570 | D:9      | Reached skill level 5 in Armour
  9832 | D:9      | Found a staircase to the Lair.
 10027 | D:9      | Found Tucweocwac's Assorted Antiques.
 10040 | D:9      | Bought an embroidered cloak for 171 gold pieces
 10070 | D:9      | Reached **** piety under Okawaru
 10103 | D:9      | Reached skill level 17 in Axes
 10185 | D:9      | Found a staircase to the Orcish Mines.
 10324 | D:9      | Reached XP level 11. HP: 75/89 MP: 9/12
 10647 | D:9      | Found a roughly hewn altar of Beogh.
 10686 | D:9      | Found a radiant altar of Vehumet.
 10728 | D:10     | Entered Level 10 of the Dungeon
 10729 | D:10     | Noticed a hill giant
 10735 | D:10     | Noticed Maurice
 10738 | D:10     | Killed a hill giant
 10749 | D:10     | Killed Maurice
 10749 | D:10     | Reached ***** piety under Okawaru
 10924 | D:10     | Gained mutation: You are frail (-10% HP). [mutagenic meat]
 10925 | D:10     | Gained mutation: You occasionally shout uncontrollably at your foes. [mutagenic meat]
 10926 | D:10     | Gained mutation: Your natural rate of healing is unusually fast. [mutagenic meat]
 10928 | D:10     | Gained mutation: You heal very quickly. [mutagenic meat]
 10929 | D:10     | Gained mutation: Your muscles are strong. (Str +2) [mutagenic meat]
 10933 | D:10     | Noticed a hill giant
 10945 | D:10     | Killed a hill giant
 11141 | D:10     | Noticed a hill giant
 11149 | D:10     | Killed a hill giant
 11149 | D:10     | Received a gift from Okawaru
 11246 | D:10     | Reached skill level 18 in Axes
 11342 | D:10     | Gained mutation: You passively map a small area around you. [mutagenic meat]
 11343 | D:10     | Lost mutation: You are clumsy. (Dex -2) [mutagenic meat]
 11345 | D:10     | Lost mutation: Your muscles are strong. (Str +2) [mutagenic meat]
 11346 | D:10     | Gained mutation: You evolve. [mutagenic meat]
 11347 | D:10     | Lost mutation: You are frail (-10% HP). [mutagenic meat]
 11360 | D:10     | Noticed Maud
 11397 | D:10     | Killed Maud
 11663 | Orc:1    | Entered Level 1 of the Orcish Mines
 11743 | Orc:1    | Found Syphaum's Assorted Antiques.
 11768 | Orc:2    | Entered Level 2 of the Orcish Mines
 11768 | Orc:2    | Noticed an orc knight
 11781 | Orc:2    | Killed an orc knight
 11930 | Orc:2    | Reached XP level 12. HP: 100/100 MP: 13/13
 11935 | Orc:2    | Found a dark tunnel.
 11944 | Volcano  | Entered a volcano
 12051 | Volcano  | Noticed a sun demon
 12052 | Volcano  | Found a bloodstained altar of Trog.
 12064 | Volcano  | Killed a sun demon
 12184 | Volcano  | Reached skill level 19 in Axes
 12339 | Orc:2    | Found a staircase to the Elven Halls.
 12362 | Orc:1    | Paralysed by an orc sorcerer for 7 turns
 13074 | Orc:2    | Gained mutation: You are partially covered in yellow scales (AC +2). [evolution]
 13224 | Orc:2    | Reached skill level 10 in Shields
 13242 | Orc:2    | Noticed an orc high priest
 13252 | Orc:2    | Killed an orc high priest
 13269 | Orc:2    | Noticed a sun demon
 13275 | Orc:2    | Noticed a soul eater
 13287 | Orc:2    | Slain by an orc knight

Skill      XL: |  1  2  3  4  5  6  7  8  9 10 11 12 |
---------------+-------------------------------------+-----
Axes           | 3 4 5 6 8 9 11 14 15 17 18 19 | 19.6
Fighting       | 4 5 7 8 |  8.6
Shields        | 5 7 9 10 | 10.2
Armour         | 4 5 6 |  6.7

Action                   |  1- 3 |  4- 6 |  7- 9 | 10-12 || total
-------------------------+-------+-------+-------+-------++-------
Melee: War axe           |    87 |   151 |   598 |   476 ||  1312
       Kick              |       |       |   146 |   157 ||   303
       Broad axe         |       |       |       |   224 ||   224
Invok: Heroism           |       |       |     4 |     6 ||    10
Evoke: Wand              |       |       |     2 |    11 ||    13
  Use: Potion            |       |       |     1 |     4 ||     5
       Scroll            |       |       |     8 |     9 ||    17
 Stab: Invisible         |       |       |       |     2 ||     2
  Eat: Chunk             |       |     6 |    20 |    28 ||    54
       Fruit             |       |       |     2 |       ||     2
       Pizza             |       |       |       |     4 ||     4
       Royal jelly       |       |       |       |     1 ||     1
Armor: Chain mail        |    39 |    50 |   163 |    12 ||   264
       Scale mail        |     3 |       |       |       ||     3
       Plate armour      |       |       |       |   230 ||   230
       Skin              |       |       |       |    17 ||    17
Dodge: Dodged            |    16 |    15 |    85 |    87 ||   203
Block: Shield            |    42 |    68 |   244 |   333 ||   687
